 Dungeon Crawl Stone Soup version 0.31-a0-544-gceb718ecc6 (webtiles) character file.

Game seed: 16023762164115326585

65 lunkers the Ruffian (level 4, -1/35 HPs)
             Began as a Meteoran Shapeshifter on Aug 15, 2023.
             Slain by a goblin
             ... wielding a +0 dagger
             ... led by Robin
              (2 damage)
             ... on level 2 of the Dungeon.
             The game lasted 00:02:16 (576 turns).

lunkers the Ruffian (Meteoran Shapeshifter)          Turns: 576, Time: 00:02:17

Health: -1/35      AC:  2    Str: 17    XL:     4   Next: 62%
Magic:  5/5        EV: 12    Int:  9    God:
Gold:   91         SH:  0    Dex: 16    Spells: 3/3 levels left

rFire   . .          .
                       - Unarmed
rCold   . . .        (no shield)
rNeg    . . .        a - +0 animal skin
rPois   .            (helmet currently unavailable)
rElec   .            (cloak currently unavailable)
rCorr   .            (gloves currently unavailable)
SInv    .            (boots currently unavailable)
Will    ++...        (no amulet)
Stlth   +            e - ring of willpower
HPRegen 0.25/turn    f - ring of willpower
MPRegen 0.09/turn

%: no passive effects
@: beast-form, glowing
A: beast (slay +2), sense surroundings 1, otherworldly, glowing, explore regen
a: Begin Untransformation


You were on level 2 of the Dungeon.
You were a hulking beast.
You visited 1 branch of the dungeon, and saw 2 of its levels.

You collected 91 gold pieces.

Inventory:

Armour
 a - a +0 animal skin (worn)
Jewellery
 e - a ring of willpower (left hand)
 f - a ring of willpower (right hand)
 i - an amulet of magic regeneration
Talismans
 c - a beast talisman (active)
 d - a flux talisman
Scrolls
 g - a scroll of brand weapon {unknown}
 h - a scroll of teleportation {unknown}
Potions
 b - a potion of lignification
 k - a potion of brilliance


   Skills:
 - Level 1.1 Fighting
 - Level 2.1 Dodging
 * Level 5.2 Unarmed Combat
 + Level 4.2 Shapeshifting


You had 3 spell levels left.
You didn't know any spells.
Your spell library contained the following spells:

 Spells                   Type           Power      Damage    Failure   Level
 Lesser Beckoning         Tloc           0%         N/A       52%         2
 Gell's Gravitas          Tloc           0%         N/A       77%         3
 Teleport Other           Tloc           0%         N/A       77%         3


Dungeon Overview and Level Annotations

Branches:
Dungeon (2/15) Zot: 633

Altars:

Shops:
D:1 (


Innate Abilities, Weirdness & Mutations

You are a hulking beast.
Your limbs bulge with bestial killing power. (Slay +2)
You passively map a small area around you.
You are easily found by Zot.
You glow in the dark.
You regain HP and MP as you explore.


Message History

The goblin hits you with a +0 dagger of venom.
* * * LOW HITPOINT WARNING * * *
You are poisoned.
The hobgoblin closely misses you.
You punch the goblin!
You kill the goblin!
You feel very sick. The hobgoblin barely misses you.
The hobgoblin closely misses you.
Unknown command.
You punch the hobgoblin!
You kill the hobgoblin!
You feel sick. The hobgoblin hits you.
* * * LOW HITPOINT WARNING * * *
You barely miss the hobgoblin.
You feel sick. The hobgoblin closely misses you.
Unknown command.
You hit the hobgoblin.
The hobgoblin is lightly wounded.
You feel sick. The hobgoblin hits you.
* * * LOW HITPOINT WARNING * * *
You hit the hobgoblin.
You kill the hobgoblin!
You feel sick.
Unknown command.
You feel sick.
Things that are here:
a +0 spear; a +0 animal skin; a +0 helmet You feel sick.
A goblin comes into view. It is wielding a +0 dagger.
You feel sick.
A goblin comes into view. It is wielding a +0 club.
You feel sick.
You are no longer poisoned.
A goblin comes into view. It is wielding a +0 club.
The goblin shouts!
The goblin closely misses you. The goblin barely misses you.
The goblin moves out of view.
You closely miss the goblin. The goblin hits you with a +0 club.
* * * LOW HITPOINT WARNING * * *
The goblin hits you with a +0 dagger.
You die...

,,*,*######.....####........####.
,,>,,.......####.......###### #.
,,******###...)#.......# ## ,,*
####.).......# *** ##).......#
#........# #..).....# ##.g.....#
#h####### #.g#*** ##...,**
*###..** *,,..# *,,,.#* *,,,,.**
*,,,,,,* ******,**


You could see 2 goblins.

Vanquished Creatures
  Robin (D:2)
  An adder (D:2)
  A worm (D:2)
  A dart slug (D:2)
  5 endoplasms
  A giant cockroach (D:1)
  7 goblins
  6 hobgoblins
  2 jackals (D:1)
  3 kobolds
  3 ball pythons
  2 bats (D:1)
  2 frilled lizards (D:1)
  3 rats
38 creatures vanquished.

Notes
Turn   | Place    | Note
-------+----------+-------------------------------------------
     0 | D:1      | lunkers the Meteoran Shapeshifter began the quest for the
                  | Orb.
     0 | D:1      | Reached XP level 1. HP: 16/16 MP: 2/2
    49 | D:1      | Reached XP level 2. HP: 16/23 MP: 3/3
    52 | D:1      | Reached skill level 4 in Unarmed Combat
    90 | D:1      | Found Ystrut's Antique Weapon Emporium.
   204 | D:1      | Reached XP level 3. HP: 22/28 MP: 4/4
   441 | D:2      | Identified the +3 long sword "Riogel" {antimagic, rF+ rC+++
                  | Int+3 Dex-4}
   520 | D:2      | Reached XP level 4. HP: 26/35 MP: 5/5
   542 | D:2      | Reached skill level 5 in Unarmed Combat
   543 | D:2      | Noticed Robin
   557 | D:2      | Killed Robin
   576 | D:2      | HP: 1/35 [goblin/+0 club[Robin] (2)]
   576 | D:2      | Slain by a goblin

Illustrated notes

Levels and vault maps discovered:
D:1:      heliophobic_arrival_enchanted_forest, layout_rooms, serial_shops,
          nicolae_shop_pleasant_corner_grove, minmay_misc_feat_tower
D:2:      layout_basic, ebering_ecumenical_altar_ruins,
          nicolae_underground_beach, uniq_robin

Skill      XL: |  1  2  3  4 |
---------------+-------------+-----
Unarmed Combat | 4 5 |  5.2
Shapeshifting  | 4 |  4.2
Fighting       | |  1.1
Dodging        | |  2.1

Action                     |  1- 3 |  4- 6 || total
---------------------------+-------+-------++-------
  Melee: Unarmed           |    77 |    26 ||   103
         Punch             |     3 |       ||     3
    Use: Scroll            |     4 |       ||     4
 Armour: Animal skin       |    13 |     2 ||    15
  Dodge: Dodged            |    61 |    16 ||    77

Table legend: (Time is in decaauts)
 A = Elapsed time spent in this place.
 B = Non-inter-level travel time spent in this place.
 C = Inter-level travel time spent in this place.
 D = Time resting spent in this place.
 E = Time spent auto-exploring this place.
 F = Levels seen in this place.
 G = Mean time per level.
                   A        B        C        D        E       F      G
               +--------+--------+--------+--------+--------+-----+--------+
         Total |    566 |    550 |     16 |      0 |    245 |   2 |  283.0 |
       Dungeon |    566 |    550 |     16 |      0 |    245 |   2 |  283.0 |
               +--------+--------+--------+--------+--------+-----+--------+

Top non-repeatable levels by time:
     D:2: 322 daAuts
     D:1: 243 daAuts
